 Dungeon Crawl Stone Soup version 0.19.5 (webtiles) character file.

1754 McKennaii the Thaumaturge (level 8, 0/41 HPs)
             Began as a Deep Elf Fire Elementalist on May 15, 2017.
             Slain by an orc wizard
             ... wielding a +2 dagger of electrocution
              (11 damage)
             ... on level 6 of the Dungeon.
             The game lasted 00:10:17 (4595 turns).

McKennaii the Thaumaturge (DEFE)                    Turns: 4595, Time: 00:10:18

Health: 0/41       AC:  7    Str:  5    XL:     8   Next: 78%
Magic:  13/23      EV: 15    Int: 23    God:
Gold:   222        SH:  0    Dex: 19    Spells: 4 memorised, 14 levels left

rFire  . . .     SeeInvis .     (no weapon)
rCold  . . .     Gourm    .     a - +0 robe
rNeg   . . .     Faith    .     (no shield)
rPois  .         Spirit   .     n - +0 helmet
rElec  .         Reflect  .     (no cloak)
rCorr  .         Harm     .     (no gloves)
MR     .....                    e - +0 pair of boots
Stlth  +++.......               (no amulet)
                                r - +4 ring of dexterity
                                o - +3 ring of protection

@: no status effects
A: no striking features
a: no special abilities


You were on level 6 of the Dungeon.
You were not hungry.

You visited 2 branches of the dungeon, and saw 7 of its levels.

You collected 222 gold pieces.

Inventory:

Armour
 a - a +0 robe (worn)
 e - a +0 pair of boots (worn)
 n - a +0 helmet (worn)
Jewellery
 o - a +3 ring of protection (left hand)
 r - a +4 ring of dexterity (right hand)
Wands
 t - a wand of iceblast (10/15)
 w - a wand of teleportation (2/9)
Scrolls
 d - 7 scrolls of identify {unknown}
 g - 2 scrolls of recharging {unknown}
 j - a scroll of fear {unknown}
 k - 3 scrolls of noise {unknown}
 l - 5 scrolls of teleportation {unknown}
 p - a scroll of random uselessness {unknown}
 q - a scroll of remove curse {unknown}
 u - a scroll of immolation {unknown}
 y - a scroll of fog {unknown}
 A - a scroll of magic mapping {unknown}
Potions
 h - a potion of curing {unknown}
 i - 3 potions of heal wounds {unknown}
 s - a potion of cancellation {unknown}
 x - a potion of might {unknown}
 z - a potion of experience {unknown}
 B - a potion of haste {unknown}
Books
 b - a book of Flames

   Spells                             Type                      Level
   a - Flame Tongue                   Conjuration/Fire             1
   b - Throw Flame                    Conjuration/Fire             2
   c - Conjure Flame                  Conjuration/Fire             3
   d - Inner Flame                    Hexes/Fire                   3
   e - Sticky Flame                   Conjuration/Fire             4
   f - Fireball                       Conjuration/Fire             5
Comestibles
 c - 7 bread rations
 f - a beef jerky
 m - 3 meat rations
 v - 3 fruits
 C - 2 chunks of flesh


   Skills:
 + Level 4.7 Dodging
 + Level 4.0 Stealth
 + Level 9.3 Spellcasting
 + Level 6.2 Conjurations
 + Level 7.0 Fire Magic


You had 14 spell levels left.
You knew the following spells:

 Your Spells              Type           Power        Failure   Level  Hunger
a - Flame Tongue          Conj/Fire      #####        1%          1    None
b - Throw Flame           Conj/Fire      #####.       1%          2    None
c - Conjure Flame         Conj/Fire      #####...     1%          3    None
f - Fireball              Conj/Fire      #####.....   14%         5    ####...


Dungeon Overview and Level Annotations

Branches:
Dungeon (6/15)             Temple (1/1) D:4

Altars:
Cheibriados
Dithmenos
Elyvilon
Fedhas
Gozag
Hepliaklqana
Kikubaaqudgha
Makhleb
Nemelex Xobeh
Qazlal
Ru
Sif Muna
Trog
Uskayaw
Xom
Yredelemnul
Zin
The Shining One


Message History

Confirm with . or Enter, or press ? or * to list all spells.
Aiming: Flame Tongue
Press: ? - help, Shift-Dir - straight line, f/p - leopard gecko
Aim: a leopard gecko (severely wounded, clinging)
The flame tongue hits the leopard gecko.
You kill the leopard gecko!
The orc wizard points at you and mumbles some strange words.
You easily resist.
The orc priest invokes the aid of Beogh against you.
Beogh smites you!
* * * LOW HITPOINT WARNING * * *
Casting: Flame Tongue
Confirm with . or Enter, or press ? or * to list all spells.
Aiming: Flame Tongue
Press: ? - help, Shift-Dir - straight line, f - orc wizard
Aim: an orc wizard, wielding a dagger of electrocution and wearing a robe (fast)
The flame tongue hits the orc wizard.
The orc wizard appears unharmed.
The orc wizard hits you but does no damage.
You are electrocuted!
You die...

....###<# #..###.....#
#.......#######.##
#####.#####
#.####..........##
###÷†...#
#.#####.....#####....##.#
#.###...###.....#....#
..#.##)#...###
#####......# .........###
#.......# ..#....###
#######.##....#
###..######.oo@...##.(..#
...........#############
..............##
#.##.............## .
..........{....#
#...............#
................
........)...###.
.........†..#


You could see an orc priest and an orc wizard.

Vanquished Creatures
  A phantom (D:5)
  2 sky beasts (D:6)
  6 ogres
  2 bullfrogs
  A gnoll sergeant (D:5)
  A scorpion (D:4)
  2 vampire bats (D:4)
  2 hounds
  2 orc wizards
  5 orc priests
  Jessica (D:2)
  2 iguanas
  8 gnolls (D:5)
  5 adders
  3 shadow imps
  2 oozes
  2 adder skeletons
  3 worms (D:2)
  3 dart slugs
  A leopard gecko (D:6)
  18 orcs
  A ball python (D:3)
  10 bats
  3 bat skeletons (D:4)
  A bat zombie (D:4)
  8 giant cockroaches
  6 goblins
  3 hobgoblins
  5 jackals
  4 quokkas
  A frilled lizard (D:5)
  2 jackal skeletons
  9 kobolds
  A leopard gecko zombie (D:4)
  5 rats
131 creatures vanquished.

Notes
Turn   | Place    | Note
-------+----------+-------------------------------------------
     0 | D:1      | McKennaii the Deep Elf Fire Elementalist began the quest for the Orb.
     0 | D:1      | Reached XP level 1. HP: 10/10 MP: 6/6
    86 | D:1      | Reached XP level 2. HP: 8/15 MP: 0/8
   549 | D:1      | Reached XP level 3. HP: 19/19 MP: 4/9
  1020 | D:2      | Found a bloodstained altar of Trog.
  1165 | D:2      | Learned a level 2 spell: Throw Flame
  1169 | D:2      | Learned a level 3 spell: Conjure Flame
  1196 | D:2      | Noticed Jessica
  1198 | D:2      | Killed Jessica
  1198 | D:2      | Reached skill level 4 in Spellcasting
  1198 | D:2      | Reached XP level 4. HP: 12/24 MP: 6/12
  1669 | D:3      | Noticed a bullfrog
  1675 | D:3      | Killed a bullfrog
  1675 | D:3      | Reached XP level 5. HP: 24/28 MP: 6/13
  2257 | D:4      | Found Fip Hucw's Food Emporium.
  2257 | D:4      | Noticed an ogre
  2257 | D:4      | Noticed an ogre
  2323 | D:4      | Noticed an ogre
  2334 | D:4      | Killed an ogre
  2334 | D:4      | Reached skill level 5 in Spellcasting
  2334 | D:4      | Reached skill level 5 in Fire Magic
  2334 | D:4      | Reached XP level 6. HP: 32/32 MP: 4/15
  2462 | D:4      | Reached skill level 6 in Spellcasting
  2476 | D:4      | Found a snail-covered altar of Cheibriados.
  2503 | D:4      | Reached XP level 7. HP: 36/36 MP: 2/18
  2720 | D:4      | Found a hide-covered altar of Uskayaw.
  2723 | D:4      | Found a glowing silver altar of Zin.
  2726 | D:4      | Found a blossoming altar of Fedhas.
  2734 | D:4      | Found a hazy altar of Hepliaklqana.
  2767 | D:4      | Found a staircase to the Ecumenical Temple.
  2814 | Temple   | Entered the Ecumenical Temple
  3165 | D:4      | Found an ancient bone altar of Kikubaaqudgha.
  3168 | D:4      | Reached skill level 7 in Spellcasting
  3468 | D:5      | Entered Level 5 of the Dungeon
  3568 | D:5      | Reached XP level 8. HP: 36/41 MP: 6/21
  3774 | D:5      | Reached skill level 8 in Spellcasting
  3822 | D:5      | Reached skill level 5 in Conjurations
  3830 | D:5      | Learned a level 5 spell: Fireball
  4485 | D:6      | Reached skill level 9 in Spellcasting
  4595 | D:6      | Slain by an orc wizard

Skill      XL: |  1  2  3  4  5  6  7  8 |
---------------+-------------------------+-----
Fire Magic     | 4 5 6 7 |  7.0
Dodging        | 3 4 |  4.7
Spellcasting   | 4 5 6 7 9 |  9.3
Conjurations   | 2 3 4 6 |  6.2
Stealth        | 3 4 |  4.0

Action                   |  1- 3 |  4- 6 |  7- 9 || total
-------------------------+-------+-------+-------++-------
Melee: Unarmed           |     4 |       |     6 ||    10
 Cast: Flame Tongue      |    64 |    83 |   175 ||   322
       Conjure Flame     |       |     1 |     1 ||     2
       Throw Flame       |       |     3 |     4 ||     7
  Eat: Chunk             |       |     5 |     6 ||    11
Armor: Robe              |     7 |     6 |    19 ||    32
Dodge: Dodged            |    29 |    22 |    56 ||   107
